 Dungeon Crawl Stone Soup version 0.26-a0-455-g0958c023ba (webtiles) character file.

Game seed: 11527152346076214660

134023 Apogee the Destroyer (level 17, -4/133 HPs)
             Began as a Human Conjurer on July 27, 2020.
             Was an Elder of Sif Muna.
             Engulfed by a ghost crab's spectral mist (15 damage)
             ... on level 4 of the Swamp on July 28, 2020.
             The game lasted 02:30:14 (52398 turns).

Apogee the Destroyer (Human Conjurer)              Turns: 52398, Time: 02:30:14

Health: -4/133     AC: 16    Str: 11    XL:     17   Next: 74%
Magic:  33/33      EV: 16    Int: 22    God:    Sif Muna [****..]
Gold:   2336       SH:  0    Dex: 12    Spells: 4/41 levels left

rFire    . . .     SeeInvis .   y - +4 demon blade (freeze)
rCold    . . .     Faith    .   H - +0 buckler
rNeg     . . .     Spirit   .   D - +1 acid dragon scales
rPois    .         Reflect  .   x - +0 helmet
rElec    .         Harm     .   K - scarf {repulsion}
rCorr    +                      o - +0 pair of gloves
MR       +....                  (no boots)
Stlth    ++........             F - amulet of magic regeneration
HPRegen  0.32/turn              V - ring of stealth
MPRegen  0.48/turn              v - +4 ring of protection

@: confused, studying Summonings, repel missiles
A: no striking features
a: Channel Magic, Forget Spell, Divine Exegesis, Renounce Religion


You were on level 4 of the Swamp.
You worshipped Sif Muna.
Sif Muna was greatly pleased with you.
You visited 6 branches of the dungeon, and saw 29 of its levels.
You also visited: Gauntlet and Volcano.

You collected 2711 gold pieces.
You spent 375 gold pieces at shops.

Inventory:

Hand Weapons
 b - the +7 great sword of Jeih {vorpal, rElec MR+ Stlth+}
   (You found it on level 4 of the Lair of Beasts)

   It inflicts extra damage upon your enemies.
   It insulates you from electricity.
   It affects your resistance to hostile enchantments.
   It makes you more stealthy.
 y - a +4 demon blade of freezing (weapon)
   (You acquired it on level 3 of the Swamp)
 z - a +0 dagger of protection
   (You took it off an orc wizard on level 5 of the Dungeon)
 M - the +9 staff of Wucad Mu {channel}
   (You found it in a Gauntlet)
 U - the +1 flail of Arirphusu {protect, MR+ Str+3}
   (You found it on level 2 of the Swamp)

   It grants its wielder temporary protection when it strikes (+7 to AC).
   It affects your strength (+3).
   It affects your resistance to hostile enchantments.
Armour
 o - a +0 pair of gloves (worn)
   (You found it on level 3 of the Swamp)
 x - a +0 helmet (worn)
   (You found it on level 5 of the Dungeon)
 A - the +2 helmet "Earthly Heaven" {-Tele +Inv rC+ Int+3}
   (You found it in a Gauntlet)

   It affects your intelligence (+3).
   It protects you from cold.
   It lets you turn invisible.
   It prevents most forms of teleportation.
 D - +1 acid dragon scales (worn)
   (You took it off Maggie on level 6 of the Dungeon)
 H - a +0 buckler (worn)
   (You took it off a spriggan on level 4 of the Swamp)
 K - a scarf of repulsion (worn)
   (You found it on level 2 of the Lair of Beasts)
Magical Staves
 a - an uncursed staff of wizardry {!a}
   (You bought it in a shop on level 2 of the Orcish Mines)
Jewellery
 l - an uncursed ring of protection from magic
   (You found it on level 8 of the Dungeon)
 r - an uncursed ring of ice
   (You found it on level 3 of the Dungeon)
 v - a +4 ring of protection (right hand)
   (You found it on level 5 of the Dungeon)
 F - an amulet of magic regeneration (around neck)
   (You found it on level 7 of the Dungeon)
 O - an uncursed ring of flight
   (You found it on level 6 of the Lair of Beasts)
 R - a +4 ring of evasion
   (You found it on level 2 of the Swamp)
 V - a ring of stealth (left hand)
   (You found it on level 2 of the Swamp)
Wands
 c - a wand of disintegration (9)
   (You found it on level 3 of the Lair of Beasts)
 d - a wand of iceblast (30)
   (You found it on level 9 of the Dungeon)
 k - a wand of polymorph (20)
   (You found it on level 2 of the Dungeon)
 u - a wand of paralysis (30)
   (You found it on level 13 of the Dungeon)
 L - a wand of enslavement (9)
   (You found it on level 13 of the Dungeon)
Scrolls
 h - 13 scrolls of remove curse {@r2}
 j - a scroll of immolation {!r}
 m - 3 scrolls of fog
 s - 7 scrolls of identify {@r1}
 B - a scroll of enchant weapon
 C - 2 scrolls of amnesia
 I - 7 scrolls of enchant armour
Potions
 g - 5 potions of brilliance
 i - 3 potions of ambrosia
 p - 2 potions of magic
 q - 7 potions of curing {@q1}
 t - 4 potions of stabbing
 E - 4 potions of resistance
 G - 3 potions of mutation {!q}
 N - 2 potions of lignification {!q}
 Q - a potion of cancellation
 S - a potion of might
Books
 f - a manual of Summonings {!d}
   (You found it on level 6 of the Lair of Beasts)
Miscellaneous
 n - a phantom mirror
Comestibles
 e - 50 removed foods {!d}


   Skills:
 - Level 11.7 Fighting
 - Level 6.8 Long Blades
 - Level 0.3 Staves
 - Level 10.0 Armour
 - Level 10.0 Dodging
 - Level 2.0 Stealth
 - Level 5.0 Shields
 - Level 12.8 Spellcasting
 - Level 13.0 Conjurations
 - Level 2.0 Hexes
 - Level 6.0 Translocations
 - Level 8.0 Fire Magic
 + Level 8.4 Earth Magic


You had 4 spell levels left.
You knew the following spells:

 Your Spells              Type           Power        Failure   Level
a - Magic Dart            Conj           ####         1%          1
b - Dazzling Flash        Conj/Hex       #####.       1%          3
c - Fireball              Conj/Fire      ######....   2%          5
d - Iron Shot             Conj/Erth      ######....   12%         6
f - Mephitic Cloud        Conj/Pois/Air  ####....     3%          3
i - Iskenderun's Battles  Conj           ######..     1%          5
s - Searing Ray           Conj           ######       1%          2
v - Passage of Golubria   Tloc           N/A          5%          4
x - Iskenderun's Mystic   Conj/Tloc      ######..     1%          4
z - Fulminant Prism       Conj/Hex       #####.....   2%          4

Your spell library contained the following spells:

 Spells                   Type           Power        Failure   Level
 Apportation              Tloc           #####.       1%          1
 Foxfire                  Conj/Fire      ####         1%          1
 Sandblast                Erth           ######       1%          1
 Shock                    Conj/Air       ####         1%          1
 Passwall                 Tmut/Erth      ####....     1%          2
 Conjure Flame            Conj/Fire      ######..     1%          3
 Gell's Gravitas          Tloc           #####.....   1%          3
 Lesser Beckoning         Tloc           #####.....   1%          3
 Static Discharge         Conj/Air       #####...     1%          3
 Stone Arrow              Conj/Erth      ######       1%          3
 Sticky Flame             Conj/Fire      ######..     1%          4
 Corona                   Hex            ###....      2%          1
 Inner Flame              Hex/Fire       #####...     2%          3
 Portal Projectile        Hex/Tloc       ####..       3%          3
 Slow                     Hex            ###.....     4%          2
 Hailstorm                Conj/Ice       #####...     4%          4
 Animate Skeleton         Necr           ##....       6%          1
 Pain                     Necr           ##..         6%          1
 Leda's Liquefaction      Hex/Erth       #####.....   8%          4
 Tukima's Dance           Hex            ###.....     9%          3
 Wereblood                Tmut           ##......     10%         2
 Petrify                  Tmut/Erth      ####....     11%         4
 Call Canine Familiar     Summ           ##......     19%         3
 Ozocubu's Armour         Ice            ##......     19%         3
 Vampiric Draining        Necr           ##........   19%         3
 Cause Fear               Hex            ###.......   28%         4
 Animate Dead             Necr           ##........   54%         4
 Ice Form                 Ice/Tmut       ##......     54%         4
 Bolt of Magma            Conj/Fire/Erth ######....   3%          5
 Lee's Rapid Deconstruct  Erth           ######....   5%          5
 Irradiate                Conj/Tmut      #####.....   12%         5
 Lightning Bolt           Conj/Air       #####.....   12%         5
 Starburst                Conj/Fire      ######....   13%         6
 Orb of Destruction       Conj           ######....   26%         7
 Summon Forest            Summ/Tloc      ####......   45%         5
 Conjure Ball Lightning   Conj/Air       #####.....   54%         6
 Dispersal                Tloc           #####.....   63%         6
 Yara's Violent Unravell  Hex/Tmut       ###.......   75%         5
 Freezing Cloud           Conj/Ice/Air   ####......   86%         6
 Agony                    Necr           ##......     87%         5
 Alistair's Intoxication  Tmut/Pois      ##.......    87%         5
 Spellforged Servitor     Conj/Summ      #####.....   98%         7
 Invisibility             Hex            ###.....     99%         6
 Lehudib's Crystal Spear  Conj/Erth      ######....   99%         8
 Simulacrum               Ice/Necr       ##........   100%        6
 Dragon Form              Tmut           ##........   100%        7
 Malign Gateway           Summ/Tloc      ####......   100%        7
 Chain Lightning          Conj/Air       #####.....   100%        8
 Controlled Blink         Tloc           N/A          100%        8
 Discord                  Hex            ###.......   100%        8
 Disjunction              Tloc           #####.....   100%        8
 Fire Storm               Conj/Fire      ######....   100%        9


Dungeon Overview and Level Annotations

Branches:
Dungeon (15/15)            Temple (1/1) D:5            Lair (6/6) D:9
  Swamp (4/4) Lair:4        Snake (0/4) Lair:4        Slime (0/5) Lair:5
    Orc (2/2) D:9             Elf (1/3) Orc:2        Vaults (0/5) D:13
Volcano (visited)         Gauntlet (visited)
 Depths: D:15

Altars:
Ashenzari
Elyvilon
Fedhas
Gozag
Hepliaklqana
Kikubaaqudgha
Nemelex Xobeh
Ru
Sif Muna
Uskayaw
Vehumet
Xom
Beogh

Shops:
D:6 (   D:8 =   D:9 }:!   D:15 ?   Orc:2 !*[?

Portals:
Trove: D:15 (give 2 scrolls of acquirement)

Annotations:
D:6 Pikel
D:15 exclusion: door
Lair:1 exclusion: oklob plant
Lair:4 Nuladee's ghost, journeyman TrMo; Orgheunu's ghost, journeyman DDFi


Message History

Found a phantom mirror.
Found a potion of mutation.
You slash the swamp worm! You freeze the swamp worm.
You block the swamp worm's attack.
You hit the swamp worm. You freeze the swamp worm.
The swamp worm bites you but does no damage. x2
You barely miss the swamp worm.
The swamp worm bites you but does no damage.
You hit the swamp worm. You freeze the swamp worm.
The swamp worm bites you but does no damage.
Your magical contamination has completely faded away.
You slash the swamp worm! You freeze the swamp worm.
You block the swamp worm's attack.
You closely miss the swamp worm.
The swamp worm bites you but does no damage.
You hit the swamp worm. You freeze the swamp worm. The swamp worm bites you!
* * * LOW HITPOINT WARNING * * *
You slash the swamp worm! You freeze the swamp worm.
You kill the swamp worm!
Sif Muna accepts your kill.
You enter the shallow water.
Moving in this stuff is going to be slow.
A ghost crab comes into view.
You see here a phantom mirror.
n - a phantom mirror You enter the shallow water.
Moving in this stuff is going to be slow.
You hit the ghost crab. You freeze the ghost crab.
The ghost crab breathes spectral mist at you.
The spectral mist engulfs you but does no damage.
You are engulfed in spectral mist.
* * * LOW HITPOINT WARNING * * *
The ghost crab breathes spectral mist at you.
The spectral mist engulfs you but does no damage.
You are engulfed in spectral mist.
* * * LOW HITPOINT WARNING * * *
The ghost crab breathes spectral mist at you.
The spectral mist engulfs you but does no damage.
You see here 14 gold pieces.
You are engulfed in spectral mist.
* * * LOW HITPOINT WARNING * * *
You see here an amulet of magic regeneration.
Okay, then.
You are confused.
You feel invigorated.
You are engulfed in spectral mist.
* * * LOW HITPOINT WARNING * * *
The spectral swamp drake closely misses you.
Unknown command.
You are engulfed in spectral mist.
You die...

♣♣♣ ♣♣♣♣♣♣♣♣♣♣ ♣♣♣♣♣≈.!♣
≈≈≈......♣ ♣°.°.≈≈≈≈
≈≈≈≈....≈♣♣ ♣♣♣♣ZZ§≈≈≈≈≈
≈≈≈≈≈♣..≈≈♣♣♣♣○♣♣°♣.≈≈≈.♣
.≈≈≈.≈♣...≈.≈≈..t♣♣ .§≈.♣
.≈≈..≈♣≈.≈≈≈..○§@☼♣ ≈≈♣♣
.....♣..≈.≈≈≈≈≈Z☼☼♣ ♣♣
≈n..§...≈≈≈♣♣≈≈♣♣Z♣
♣♣..≈!.[≈♣♣♣♣♣♣♣♣♣°?
♣♣♣♣≈≈.♣♣ ♣♣≈≈ #.≈(# ≈≈
#...# ≈


You could see a ghost crab, a spectral tyrant leech (summoned, wandering), a
spectral four-headed hydra (summoned), a spectral cane toad (summoned) and a
spectral swamp drake (summoned).

Vanquished Creatures
  The ghost of drasked the Bludgeoner, a journeyman OgAM of Okawaru (Lair:4)
  Nessos (Lair:5)
  A minotaur (Gauntlet)
  Snorg (D:11)
  16 hydras
  A vault guard (D:15)
  5 shambling mangroves
  4 ghost crabs
  A death knight (D:12)
  6 ogre magi
  13 alligators
  15 two-headed ogres
  A deep elf knight (Elf:1)
  2 deep trolls (Orc:2)
  3 swamp dragons
  An unseen horror (D:13)
  A wizard (D:15)
  A spriggan druid (Swamp:3)
  3 deep elf magi
  3 orc knights
  8 ugly things
  5 cyclopes
  2 centaur zombies
  2 black mambas
  13 elephants
  A gargoyle (D:13)
  3 centaur skeletons
  An efreet (D:13)
  35 cane toads
  Maggie (D:6)
  2 rime drakes
  7 komodo dragons
  A freezing wraith (D:14)
  A queen bee (Lair:3)
  2 tengu conjurers (D:15)
  16 hornets
  14 trolls
  15 tyrant leeches
  31 slime creatures
  2 polar bears
  13 hippogriffs
  25 blink frogs
  6 bog bodies
  A centaur simulacrum (D:14)
  9 shadows
  9 spriggans
  A spriggan (shapeshifter) (D:13)
  3 wraiths
  3 basilisks
  15 yaks
  3 wyverns
  7 hogs
  A human (D:7)
  2 fire elementals (Volcano)
  27 vampire mosquitoes
  2 two-headed ogre zombies (D:9)
  A warg (Orc:2)
  2 nagas (Lair:4)
  4 insubstantial wisps
  13 water moccasins
  A soldier ant (D:12)
  17 swamp worms
  2 acid dragons
  9 porcupines
  6 swamp drakes
  Duvessa (D:4)
  An ice beast (D:10)
  3 black bears
  21 orc warriors
  4 sky beasts
  36 ogres
  4 phantoms
  12 wolves
  3 centaurs
  16 crocodiles
  5 big kobolds
  26 bullfrogs
  Dowan (D:4)
  A troll zombie (D:9)
  10 scorpions
  29 killer bees
  8 wights
  2 howler monkeys
  A crimson imp (D:12)
  2 bullfrog zombies
  4 hounds
  5 jellies
  2 bullfrog skeletons
  9 orc priests
  Natasha (D:2)
  6 iguanas
  21 orc wizards
  10 worker ants
  4 ogre zombies (D:9)
  A worker ant zombie (D:5)
  11 adders
  A shadow imp (D:7)
  A white imp (D:12)
  3 ufetubi
  An adder zombie (D:7)
  An adder skeleton (D:5)
  4 worms
  3 dart slugs
  10 leopard geckos
  79 orcs
  8 ball pythons
  8 bats
  8 giant cockroaches
  4 goblins
  10 hobgoblins
  25 jackals
  7 quokkas
  4 frilled lizards
  A goblin skeleton (D:9)
  4 goblin zombies (D:9)
  3 hobgoblin skeletons (D:9)
  4 hobgoblin zombies (D:9)
  25 kobolds
  A leopard gecko skeleton (D:4)
  2 orc skeletons (D:9)
  9 orc zombies (D:9)
  A quokka zombie (D:8)
  5 rats
  A fire vortex (Volcano)
  A fulminant prism (Lair:5)
  2 fungi
  9 plants
929 creatures vanquished.

Vanquished Creatures (collateral kills)
  An orc knight (Orc:2)
  A toenail golem (Volcano)
  A molten gargoyle (Volcano)
  An orc warrior (Orc:2)
  An orc wizard (Orc:2)
  An orc (Orc:2)
6 creatures vanquished.

Vanquished Creatures (others)
  Kirke (D:15)
  A porcupine (D:9)
  A scorpion (D:9)
  A killer bee (D:9)
  An ogre zombie (D:9)
  2 orc zombies (D:9)
  46 fulminant prisms
  52 fungi
  51 plants
  3 withered plants (Lair:4)
159 creatures vanquished.

Grand Total: 1094 creatures vanquished

Notes
Turn   | Place    | Note
-------+----------+-------------------------------------------
     0 | D:1      | Apogee the Human Conjurer began the quest for the Orb.
     0 | D:1      | Reached XP level 1. HP: 13/13 MP: 3/3
   298 | D:1      | Reached XP level 2. HP: 19/19 MP: 3/5
   733 | D:1      | Reached XP level 3. HP: 24/24 MP: 3/6
  1420 | D:2      | Found a shimmering altar of Xom.
  2041 | D:2      | Reached XP level 4. HP: 30/30 MP: 0/8
  2192 | D:2      | Found a blossoming altar of Fedhas.
  2639 | D:3      | Noticed Natasha
  2654 | D:2      | Killed Natasha
  2654 | D:2      | Reached skill level 5 in Conjurations
  2654 | D:2      | Reached XP level 5. HP: 8/35 MP: 6/10
  3426 | D:3      | Learned a level 2 spell: Searing Ray
  3545 | D:3      | Found an ancient bone altar of Kikubaaqudgha.
  3546 | D:3      | Found a shimmering blue altar of Sif Muna.
  3596 | D:3      | Became a worshipper of Sif Muna the Loreminder
  3767 | D:3      | Learned a level 3 spell: Dazzling Flash
  3772 | D:3      | Learned a level 4 spell: Iskenderun's Mystic Blast
  3802 | D:3      | Reached XP level 6. HP: 16/41 MP: 5/11
  4164 | D:3      | Reached skill level 1 in Translocations
  4165 | D:3      | Reached skill level 1 in Hexes
  4539 | D:4      | Noticed Duvessa
  4540 | D:4      | Noticed Dowan
  4545 | D:4      | Killed Duvessa
  4546 | D:4      | Killed Dowan
  4546 | D:4      | Reached XP level 7. HP: 37/46 MP: 4/13
  4973 | D:4      | Found a hide-covered altar of Uskayaw.
  4991 | D:4      | Found a shattered altar of Ashenzari.
  4991 | D:4      | Found a sacrificial altar of Ru.
  5013 | D:4      | Reached skill level 6 in Conjurations
  5419 | D:4      | Found a white marble altar of Elyvilon.
  5472 | D:4      | Found a radiant altar of Vehumet.
  5620 | D:5      | Entered Level 5 of the Dungeon
  5915 | D:5      | Found an opulent altar of Gozag.
  5916 | D:5      | Found a sparkling altar of Nemelex Xobeh.
  6070 | D:5      | Noticed a water moccasin
  6074 | D:5      | Killed a water moccasin
  6279 | D:5      | Reached * piety under Sif Muna
  6285 | D:5      | Reached skill level 5 in Spellcasting
  6288 | D:5      | Reached XP level 8. HP: 35/52 MP: 6/15
  6471 | D:5      | Noticed a hippogriff
  6473 | D:5      | Found a staircase to the Ecumenical Temple.
  6492 | D:5      | Killed a hippogriff
  7128 | D:5      | Reached skill level 7 in Conjurations
  7658 | Temple   | Entered the Ecumenical Temple
  7681 | D:6      | Noticed Pikel
  7723 | D:6      | Found Did Hial's Antique Weapon Shop.
  7898 | D:6      | Got a faintly glowing leather armour
  7909 | D:6      | Identified the +1 leather armour of the Eternal Void
                  | {+Blink rElec rC+ MP+9 Str-2} (You found it on level 6 of
                  | the Dungeon)
  8007 | D:6      | Noticed Maggie
  8233 | D:6      | Reached XP level 9. HP: 55/57 MP: 12/18
  8278 | D:6      | Reached skill level 8 in Conjurations
  8331 | D:6      | Killed Maggie
  8507 | D:6      | Reached ** piety under Sif Muna
  8943 | D:7      | Reached skill level 9 in Conjurations
  9525 | D:7      | Reached XP level 10. HP: 63/63 MP: 16/22
 10098 | D:7      | Reached skill level 10 in Conjurations
 10433 | D:8      | Reached *** piety under Sif Muna
 11006 | D:8      | Found a hazy altar of Hepliaklqana.
 11053 | D:8      | Found Deeggops's Jewellery Emporium.
 11614 | D:8      | Reached **** piety under Sif Muna
 11693 | D:8      | HP: 3/63 [something (4)]
 11694 | D:8      | Reached skill level 11 in Conjurations
 12009 | D:8      | HP: 2/63 [vampire/vampiric draining (6)]
 12366 | D:9      | Found Gich's Distillery.
 12368 | D:9      | Found Jareob's Book Shoppe.
 12435 | D:9      | Reached XP level 11. HP: 68/68 MP: 19/24
 12514 | D:9      | Reached skill level 10 in Spellcasting
 12906 | D:9      | Found a staircase to the Orcish Mines.
 13314 | D:9      | Found a staircase to the Lair.
 13484 | D:9      | Found Leelatuc's Gadget Boutique.
 13536 | Lair:1   | Entered Level 1 of the Lair of Beasts
 13820 | Lair:1   | Found a blossoming altar of Fedhas.
 13843 | Lair:1   | Noticed an oklob plant
 13853 | Lair:1   | Learned a level 4 spell: Fulminant Prism
 14050 | Lair:1   | Reached skill level 12 in Conjurations
 14265 | Lair:1   | Reached skill level 1 in Fighting
 14265 | Lair:1   | Reached skill level 1 in Armour
 15600 | Lair:2   | Reached XP level 12. HP: 84/84 MP: 11/26
 15667 | Lair:2   | Reached ***** piety under Sif Muna
 16295 | Lair:2   | Reached skill level 5 in Fighting
 16380 | Lair:3   | Reached skill level 5 in Armour
 16388 | Lair:3   | Identified Sif Muna's Compendium of the Dislocated Birds
                  | (Sif Muna gifted it to you on level 3 of the Lair of
                  | Beasts)
 16388 | Lair:3   | Received a gift from Sif Muna
 18103 | Lair:4   | Found a staircase to the Snake Pit.
 18226 | Lair:4   | Found a runed translucent gate.
 18227 | Lair:4   | Found a runed translucent gate.
 18229 | Lair:4   | Found a runed translucent gate.
 18229 | Lair:4   | Noticed Orgheunu's ghost (journeyman DDFi)
 18230 | Lair:4   | Noticed drasked's ghost (journeyman OgAM)
 18230 | Lair:4   | Noticed Nuladee's ghost (journeyman TrMo)
 18663 | Lair:4   | Noticed a five-headed hydra
 18681 | Lair:4   | Killed a five-headed hydra
 18681 | Lair:4   | Reached XP level 13. HP: 99/99 MP: 7/27
 18830 | Lair:4   | Noticed an eight-headed hydra
 18843 | Lair:4   | Killed an eight-headed hydra
 19041 | Lair:4   | Found a staircase to the Swamp.
 19402 | Lair:4   | Learned a level 3 spell: Mephitic Cloud
 20393 | Lair:5   | Noticed a six-headed hydra
 20400 | Lair:5   | Killed a six-headed hydra
 20444 | Lair:5   | Found a staircase to the Slime Pits.
 20451 | Lair:5   | Reached skill level 10 in Fighting
 20451 | Lair:5   | Reached skill level 10 in Armour
 20708 | Lair:5   | Noticed Nessos
 20979 | Lair:5   | Killed Nessos
 21449 | Lair:5   | Identified the Tome of Mutagenic Clay
 21599 | Lair:5   | Learned a level 5 spell: Fireball
 21614 | Lair:5   | Reached skill level 1 in Fire Magic
 23124 | D:10     | Entered Level 10 of the Dungeon
 23964 | D:11     | Reached skill level 1 in Shields
 24127 | D:11     | Noticed Snorg
 24630 | D:11     | Killed Snorg
 24851 | D:11     | Found a shimmering blue altar of Sif Muna.
 25170 | D:12     | Reached XP level 14. HP: 79/110 MP: 9/29
 25251 | D:12     | Got a transparent robe
 25254 | D:12     | Identified the +2 robe of the Planets {MP+9} (You found it
                  | on level 12 of the Dungeon)
 25760 | D:12     | Identified Sif Muna's Almanac of Unstable Cold (Sif Muna
                  | gifted it to you on level 12 of the Dungeon)
 25760 | D:12     | Received a gift from Sif Muna
 26742 | D:13     | Reached skill level 5 in Shields
 26844 | D:13     | Learned a level 5 spell: Iskenderun's Battlesphere
 26849 | D:13     | Learned a level 4 spell: Passage of Golubria
 27395 | D:13     | Learned a level 6 spell: Iron Shot
 27560 | D:13     | Reached skill level 1 in Charms
 27560 | D:13     | Reached skill level 1 in Earth Magic
 27658 | D:13     | Noticed an ironheart preserver
 28425 | D:13     | Found a gate to the Vaults.
 29039 | D:14     | Found a hide-covered altar of Uskayaw.
 29889 | D:15     | Entered Level 15 of the Dungeon
 30058 | D:15     | Found Yzemno Vovui's Magic Scroll Emporium.
 30377 | D:15     | Reached skill level 5 in Translocations
 30684 | D:15     | Reached XP level 15. HP: 98/119 MP: 11/31
 30850 | D:15     | Identified Sif Muna's Tome of Arcane Weapons (Sif Muna
                  | gifted it to you on level 15 of the Dungeon)
 30850 | D:15     | Received a gift from Sif Muna
 31427 | D:15     | Noticed Kirke
 31447 | D:15     | Killed Kirke
 31754 | D:15     | Reached skill level 5 in Charms
 31754 | D:15     | Reached skill level 5 in Earth Magic
 32441 | D:15     | Found the +12 glaive of Prune {vorpal}
 32592 | D:15     | Found a portal to a secret trove of treasure.
 33022 | Lair:4   | Got a distressingly furry buckler
 33028 | Lair:4   | Got a jewelled great sword
 33062 | Lair:4   | Identified the +7 great sword of Jeih {vorpal, rElec MR+
                  | Stlth+} (You found it on level 4 of the Lair of Beasts)
 33064 | Lair:4   | Identified the cursed -1 buckler "Ront" {rElec rF+ Regen+
                  | Slay+3} (You found it on level 4 of the Lair of Beasts)
 33245 | Lair:6   | Entered Level 6 of the Lair of Beasts
 33245 | Lair:6   | Found a gate leading to a gauntlet.
 33260 | Gauntlet | Entered a Gauntlet
 33260 | Gauntlet | Found a transporter.
 33269 | Gauntlet | Found a transporter.
 33284 | Gauntlet | Found a transporter.
 33285 | Gauntlet | Found a transporter.
 33285 | Gauntlet | Noticed a cacodemon
 33296 | Gauntlet | Found a transporter.
 33315 | Gauntlet | Found a transporter.
 33319 | Gauntlet | Found a transporter.
 33323 | Gauntlet | Found a transporter.
 33328 | Gauntlet | Found the +9 staff of Wucad Mu {channel}
 33369 | Gauntlet | Found a transporter.
 33386 | Gauntlet | Found a transporter.
 33390 | Gauntlet | Found a transporter.
 33400 | Gauntlet | Found a transporter.
 33464 | Gauntlet | Got an encrusted helmet
 33475 | Gauntlet | Identified the +2 helmet "Earthly Heaven" {-Tele +Inv rC+
                  | Int+3} (You found it in a Gauntlet)
 33746 | Gauntlet | Got a polished great mace
 33803 | Gauntlet | Reached skill level 1 in Long Blades
 33819 | Gauntlet | Identified Atzyewus's Tome of Battle Magic and Dark Secrets
 33820 | Gauntlet | Found the +6 lightning scales {run, rElec}
 33823 | Gauntlet | Got a brightly glowing buckler
 33823 | Gauntlet | Got a slimy leather armour
 33824 | Gauntlet | Identified the +5 great mace "Hagis" {vamp, *Noise *Slow
                  | rC++ rN+++} (You found it in a Gauntlet)
 33825 | Gauntlet | Identified the cursed -3 buckler "Ytaozim" {rCorr SInv}
                  | (You found it in a Gauntlet)
 33826 | Gauntlet | Identified the cursed +1 leather armour of Vepaucof {-Tele
                  | MP+9 Int+3 SInv} (You found it in a Gauntlet)
 33831 | Gauntlet | Identified Doushuez's Handbook of Earthen Summoning
 35120 | Lair:6   | Reached skill level 5 in Long Blades
 37206 | Lair:6   | Identified Waobatt's Almanac of the Enthralling Blaze (Sif
                  | Muna gifted it to you on level 6 of the Lair of Beasts)
 37206 | Lair:6   | Received a gift from Sif Muna
 37206 | Lair:6   | Reached skill level 5 in Dodging
 37561 | Lair:4   | Killed drasked's ghost
 38047 | Orc:1    | Entered Level 1 of the Orcish Mines
 38054 | Orc:1    | Reached XP level 16. HP: 127/127 MP: 18/32
 38233 | Orc:1    | You fall into a shaft and drop 1 floor!
 38233 | Orc:2    | Entered Level 2 of the Orcish Mines
 38590 | Orc:2    | Found a dark tunnel.
 38600 | Volcano  | Entered a volcano
 39556 | Orc:2    | Found a staircase to the Elven Halls.
 40131 | Orc:2    | Identified Sif Muna's Collected Works on Transmigration and
                  | Battle Magic (Sif Muna gifted it to you on level 2 of the
                  | Orcish Mines)
 40131 | Orc:2    | Received a gift from Sif Muna
 40202 | Orc:2    | Found a roughly hewn altar of Beogh.
 41079 | Orc:2    | Found Besevown's Distillery.
 41080 | Orc:2    | Found Axee's Antique Armour Emporium.
 41085 | Orc:2    | Found Coerch's Magic Scroll Boutique.
 41092 | Orc:2    | Found Fodioqo's General Store.
 41324 | Orc:2    | Bought an uncursed staff of wizardry for 375 gold pieces
 41535 | Elf:1    | Entered Level 1 of the Elven Halls
 41601 | Elf:1    | Reached skill level 10 in Dodging
 41860 | Lair:3   | Upgraded the game from 0.26-a0-259-g1effd001a9 to
                  | 0.26-a0-455-g0958c023ba
 41955 | Swamp:1  | Entered Level 1 of the Swamp
 43355 | Lair:4   | Reached skill level 5 in Fire Magic
 44671 | Swamp:1  | Got a masterwork chain mail
 44672 | Swamp:1  | Identified the cursed +1 chain mail of Apathy {rC+ MR-
                  | rCorr Int+9} (You found it on level 1 of the Swamp)
 45790 | Swamp:1  | Reached XP level 17. HP: 103/133 MP: 11/33
 46352 | Swamp:2  | Received a gift from Sif Muna
 46843 | Swamp:2  | Got an ichor-stained flail
 46844 | Swamp:2  | Identified the +1 flail of Arirphusu {protect, MR+ Str+3}
                  | (You found it on level 2 of the Swamp)
 47140 | Swamp:2  | You fall into a shaft and drop 1 floor!
 47895 | Swamp:2  | Reached skill level 13 in Conjurations
 47986 | Swamp:2  | HP: 3/133 [shambling mangrove (11)]
 49319 | Swamp:2  | Learned a level 6 spell: Iron Shot
 50949 | Swamp:4  | Entered Level 4 of the Swamp
 51079 | Swamp:3  | Identified a scroll of acquirement
 51079 | Swamp:3  | Acquired a +4 demon blade of freezing
 52397 | Swamp:4  | HP: 6/133 [something] (9)]
 52398 | Swamp:4  | Engulfed by a ghost crab's spectral mist

Illustrated notes

Levels and vault maps discovered:
D:1:      minmay_arrival_cross, layout_basic
D:2:      layout_loops_cross, lemuel_round_altar, overflow_temple_1_default,
          moated_statue, columned_hall_lemuel
D:3:      layout_loops_ring, gammafunk_temple_overflow_pools, first_ration,
          uniq_natasha
D:4:      layout_loops_ring, nicolae_overflow_crystal_walls, kennysheep_mini,
          nicolae_overflow_hidden_temple, uniq_duvessa
D:5:      layout_loops_ring, grunt_temple_overflow_opulence,
          minmay_temple_entry_large_hall, minmay_checkerbox
D:6:      layout_basic, serial_shops, shop_fountains, portal_sewer_entry_a,
          uniq_maggie, uniq_pikel
D:7:      layout_rooms, grunt_livestock, grunt_ministairs_8
D:8:      layout_gridville, lemuel_coloured_pillars_altar, serial_shops,
          nicolae_shop_statue_plus
D:9:      layout_cave_pools, due_lair_maze_entry_diamond, zombieorc2_lemuel,
          serial_shops, nicolae_shop_window_shopping, shop_statue,
          kennysheep_little_box, lemuel_flamethrower_2
D:10:     layout_irregular_city
D:11:     layout_loops_corners, basic_altar, uniq_snorg
D:12:     layout_gridville, minmay_variable_closet, minmay_fire_ice_demons
D:13:     layout_irregular_city, skrybe_vaults_entry_preservation
D:14:     layout_gridville, basic_altar, minmay_misc_feat_rows
D:15:     grunt_enter_depths_snipers, layout_long_grid, enter_trove_5,
          serial_shops, shop, hangedman_decor_clover_reticule,
          minmay_guarded_unrand_prune, uniq_kirke
Temple:   cyrus_temple_forest
Lair:1:   layout_cave_pods, tgw_fedhas
Lair:2:   layout_regular_city, grunt_forest_stairs_clearing, grunt_megastairs_5,
          lemuel_fruit_fields
Lair:3:   layout_long_grid, special_room [special_room_bee],
          serial_bayou_shore_a
Lair:4:   layout_big_grid, palyth_hydra_swamp_entry,
          guppyfry_snake_entry_island, gammafunk_ghost_cemetery,
          hangedman_lair_unloving_vines, serial_bayou_shore_b
Lair:5:   layout_long_grid, minmay_slime_entry_pillars, grunt_megastairs_4,
          uniq_nessos
Lair:6:   minmay_lair_end_frog_pond, layout_gridlike, gauntlet_entry_generic
Swamp:1:  layout_basic_swamp, evilmike_swamp_ruin_house_4,
          infiniplex_staircase_pool_2
Swamp:2:  layout_falls_marsh, evilmike_swamp_ruin_house_2
Swamp:3:  layout_falls_marsh, hangedman_swamp_cone
Swamp:4:  swamp_basic_johnstein, layout_basic_swamp, swamp_pool5
Orc:1:    layout_caves
Orc:2:    st_orc_open, layout_caves, nicolae_volcano_entry_hallway, mines2_david
Elf:1:    layout_loops_cross, minmay_elf_annihilation, minmay_misc_feat_cross,
          grunt_megastairs_3

Skill      XL: |  1  2  3  4  5  6  7  8  9 10 11 12 13 14 15 16 17 |
---------------+----------------------------------------------------+-----
Spellcasting   | 3 4 5 6 8 9 10 11 12 | 12.8
Conjurations   | 5 6 7 9 11 12 13 | 13.0
Translocations | 1 3 4 6 |  6.0
Hexes          | 1 2 |  2.0
Fighting       | 4 8 10 11 | 11.7
Armour         | 4 8 10 | 10.0
Fire Magic     | 3 4 5 8 |  8.0
Shields        | 2 5 |  5.0
Charms         | 4 5 6 |  0.0
Earth Magic    | 4 6 8 |  8.4
Long Blades    | 6 |  6.8
Dodging        | 5 10 | 10.0
Staves         | |  0.3
Stealth        | |  2.0

Action                   |  1- 3 |  4- 6 |  7- 9 | 10-12 | 13-15 | 16-18 || total
-------------------------+-------+-------+-------+-------+-------+-------++-------
Melee: Unarmed           |     5 |       |       |       |       |       ||     5
       Dagger            |    15 |    61 |    73 |    70 |   253 |       ||   472
       Falchion          |       |       |    36 |       |       |       ||    36
       Great sword       |       |       |       |       |    96 |   174 ||   270
       Demon blade       |       |       |       |       |       |    58 ||    58
Throw: Throwing net      |       |       |       |       |       |     1 ||     1
 Cast: Magic Dart        |    66 |    64 |    76 |   188 |   237 |    97 ||   728
       Searing Ray       |       |     5 |    40 |   106 |   151 |    24 ||   326
       Iskenderun's Myst |       |     1 |    35 |   128 |   281 |   213 ||   658
       Fulminant Prism   |       |       |       |     5 |    34 |     8 ||    47
       Fireball          |       |       |       |       |   126 |   215 ||   341
       Mephitic Cloud    |       |       |       |       |     6 |     3 ||     9
       Iskenderun's Batt |       |       |       |       |     3 |     4 ||     7
       Iron Shot         |       |       |       |       |     2 |    12 ||    14
       Dazzling Flash    |       |       |       |       |       |     1 ||     1
Invok: Channel Magic     |       |       |       |       |       |     1 ||     1
 Abil: Evoke Blink       |       |       |     1 |       |       |       ||     1
Evoke: Wand              |       |       |     1 |       |     5 |     2 ||     8
  Use: Scroll            |       |     1 |       |    22 |    19 |    17 ||    59
       Potion            |       |       |     3 |     3 |     3 |     8 ||    17
 Stab: Sleeping          |     1 |     2 |       |       |       |       ||     3
       Confused          |       |       |       |       |     1 |     1 ||     2
  Eat: Removed food      |     1 |     3 |     4 |     8 |    17 |     4 ||    37
Armor: Robe              |     9 |     8 |    27 |       |       |       ||    44
       Leather armour    |       |       |     5 |       |       |       ||     5
       Acid dragon scale |       |       |    12 |   132 |   304 |   164 ||   612
       Skin              |       |       |       |       |     7 |     1 ||     8
Dodge: Dodged            |    30 |    43 |   112 |   150 |   296 |   357 ||   988
       Repelled          |       |       |       |       |    15 |    25 ||    40
Block: Buckler           |       |       |       |       |    72 |    18 ||    90
       Rpst.: Falchion   |       |       |     8 |       |       |       ||     8
       Great sword       |       |       |       |       |    26 |    68 ||    94
       Demon blade       |       |       |       |       |       |    10 ||    10

Table legend: (Time is in decaauts)
 A = Elapsed time spent in this place.
 B = Non-inter-level travel time spent in this place.
 C = Inter-level travel time spent in this place.
 D = Time resting spent in this place.
 E = Time spent auto-exploring this place.
 F = Levels seen in this place.
 G = Mean time per level.
                   A        B        C        D        E       F      G
               +--------+--------+--------+--------+--------+-----+--------+
         Total |  53018 |  50214 |   2804 |  17644 |  24025 |  31 | 1710.3 |
       Dungeon |  23438 |  22379 |   1059 |   5085 |  13658 |  15 | 1562.5 |
        Temple |      1 |      1 |      0 |      0 |      0 |   1 |    1.0 |
          Lair |  17198 |  15873 |   1325 |   6583 |   6838 |   6 | 2866.3 |
         Swamp |   8095 |   7822 |    273 |   4646 |   1734 |   4 | 2023.8 |
  Orcish Mines |   3315 |   3169 |    146 |    837 |   1648 |   2 | 1657.5 |
   Elven Halls |     18 |     18 |      0 |      0 |      0 |   1 |   18.0 |
       Volcano |    339 |    339 |      0 |    242 |     56 |   1 |  339.0 |
      Gauntlet |    609 |    609 |      0 |    250 |     90 |   1 |  609.0 |
               +--------+--------+--------+--------+--------+-----+--------+

Top non-repeatable levels by time:
 Swamp:3: 3105 daAuts
  Lair:4: 2228 daAuts
 Swamp:2: 1986 daAuts
 Swamp:1: 1751 daAuts
 Swamp:4: 1252 daAuts
  Lair:5: 462 daAuts
  Lair:3: 49 daAuts
Note: time per level data comes from an upgraded game and may be incomplete.
